 Dungeon Crawl Stone Soup version 0.28-a0-533-g9f97627e2a (webtiles) character file.

Game seed: 1980030387650370534

141 Conn the Firebug (level 5, -5/32 HPs)
             Began as an Octopode Fire Elementalist on Sept 26, 2021.
             Killed from afar by Ijyb (37 damage)
             ... with a bolt of acid
             ... on level 3 of the Dungeon.
             The game lasted 00:03:56 (2909 turns).

Conn the Firebug (Octopode Fire Elementalist)       Turns: 2909, Time: 00:03:56

Health: -5/32      AC:  1    Str:  7      XL:     5   Next: 24%
Magic:  5/9        EV: 13    Int: 18 (19) God:
Gold:   80         SH:  0    Dex: 12      Spells: 8/9 levels left

rFire   . . .      SeeInvis .   d - +0 dagger
rCold   . . .      Faith    .   (no shield)
rNeg    . . .      Spirit   .   (helmet restricted)
rPois   .          Reflect  .   (no amulet)
rElec   .          Harm     .   (no ring)
rCorr   .          Rampage  .   (no ring)
Will    .....                   (no ring)
Stlth   +++.......              (no ring)
HPRegen 0.10/turn               (no ring)
MPRegen 0.11/turn               (no ring)
                                (no ring)
                                (no ring)

@: no status effects
A: almost no armour, amphibious, 8 rings, camouflage 1, gelatinous body 1,
(nimble swimmer 1), tentacles
a: no special abilities


You were on level 3 of the Dungeon.
You visited 1 branch of the dungeon, and saw 3 of its levels.

You collected 80 gold pieces.

Inventory:

Hand Weapons
 d - a +0 dagger (weapon)
Jewellery
 e - a ring of poison resistance
 g - an amulet of reflection
Wands
 h - a wand of acid (3)
Scrolls
 a - a scroll of teleportation
 b - 2 scrolls of vulnerability {unknown}
 c - 2 scrolls of amnesia {unknown}
 f - a scroll of immolation {unknown}


   Skills:
 + Level 0.5 Fighting
 + Level 0.4 Short Blades
 + Level 2.5 Dodging
 + Level 3.7 Stealth
 + Level 2.9 Spellcasting
 + Level 1.9 Conjurations
 + Level 3.9 Fire Magic


You had 8 spell levels left.
You knew the following spells:

 Your Spells              Type           Power      Damage    Failure   Level
a - Foxfire               Conj/Fire      52%        2x1d6     4%          1

Your spell library contained the following spells:

 Spells                   Type           Power      Damage    Failure   Level
 Scorch                   Fire           34%        2d7       4%          2
 Conjure Flame            Conj/Fire      13%        6-21      14%         3
 Inner Flame              Hex/Fire       9%         N/A       22%         3
 Flame Wave               Conj/Fire      13%        3d5       43%         4
 Frozen Ramparts          Ice            4%         1d2       45%         3
 Ice Form                 Ice/Tmut       2%         N/A       86%         4
 Summon Ice Beast         Ice/Summ       2%         N/A       86%         4


Dungeon Overview and Level Annotations

Branches:
Dungeon (3/15)

Altars:
Hepliaklqana

Annotations:
D:2 Robin
D:3 Ijyb


Innate Abilities, Weirdness & Mutations

You cannot wear most types of armour.
You are amphibious.
You can wear up to eight rings at the same time.
Your skin changes colour to match your surroundings (Stealth+).
Your rubbery body absorbs attacks. (AC +1, EV +1)
((You are camouflaged near water. (Stealth+)))
You have tentacles for arms and can constrict up to eight enemies at once.


Message History

Things that are here:
a +0 war axe; a +0 scale mail
Items here: )) [[.
Things that are here:
a +0 club; an orc corpse Ijyb the Twisted Goblin comes into view.
She is wielding a +3 dagger of pain and carrying a wand of acid (6).
Casting: Foxfire (safe; 4% risk of failure)
Confirm with . or Enter, or press ? or * to list all spells.
You conjure some foxfire!
Unknown command.
Casting: Foxfire (safe; 4% risk of failure)
Confirm with . or Enter, or press ? or * to list all spells.
You conjure some foxfire!
Ijyb shouts!
Unknown command.
Casting: Foxfire (safe; 4% risk of failure)
Confirm with . or Enter, or press ? or * to list all spells.
You conjure some foxfire!
The foxfire hits Ijyb but does no damage. x2
Unknown command.
Casting: Foxfire (safe; 4% risk of failure)
Confirm with . or Enter, or press ? or * to list all spells.
You conjure some foxfire!
Unknown command.
Casting: Foxfire (safe; 4% risk of failure)
Confirm with . or Enter, or press ? or * to list all spells.
There is not enough space to conjure foxfire!
Unknown command.
Your foxfire dissipates!
The foxfire hits Ijyb but does no damage.
The foxfire hits Ijyb.
Ijyb is lightly wounded.
The foxfire hits Ijyb but does no damage.
Ijyb is lightly wounded.
The foxfire hits Ijyb but does no damage.
Ijyb is lightly wounded.
Ijyb zaps a wand.
The bolt of acid misses your foxfire. The bolt of acid hits you!!!
Ouch! That really hurt!
You die...

# ## .# ... ##.#
.... .... .#
.....####.#.# #.#
......§§§.#.# #.#
....gv§§§##.# #.#
.....###@##.#
#####.# ... #.##.#
#.#.....# .
#.##.#####.#..##≈≈
#............#†≈≈≈
####.####.###≈≈≈≈≈
#.## #..#≈≈≈≈#.
#..# #.#.≈≈≈≈≈.
##.###.#≈≈≈≈#≈#
#.....)≈≈≈≈≈≈≈


You could see Ijyb (ally target).

Vanquished Creatures
  An orc priest (D:3)
  An adder (D:2)
  A worm (D:2)
  10 dart slugs
  3 orcs (D:3)
  7 bats
  8 endoplasms
  5 giant cockroaches (D:1)
  5 goblins
  5 hobgoblins
  6 jackals
  2 quokkas
  6 ball pythons
  2 frilled lizards (D:1)
  4 kobolds
  5 rats
71 creatures vanquished.

Vanquished Creatures (others)
  162 foxfires
  A plant (D:1)
163 creatures vanquished.

Grand Total: 234 creatures vanquished

Notes
Turn   | Place    | Note
-------+----------+-------------------------------------------
     0 | D:1      | Conn the Octopode Fire Elementalist began the quest for the
                  | Orb.
     0 | D:1      | Reached XP level 1. HP: 11/11 MP: 3/3
   154 | D:1      | Reached XP level 2. HP: 16/17 MP: 1/5
   567 | D:1      | Reached XP level 3. HP: 21/21 MP: 3/6
  1442 | D:2      | Found a hazy altar of Hepliaklqana.
  1587 | D:2      | Reached XP level 4. HP: 19/27 MP: 3/7
  2217 | D:3      | Noticed Robin
  2818 | D:3      | Reached XP level 5. HP: 32/32 MP: 4/9
  2904 | D:3      | Noticed Ijyb
  2909 | D:3      | Killed from afar by Ijyb

Illustrated notes

Levels and vault maps discovered:
D:1:      giann_bridges, layout_loops_ring
D:2:      layout_loops_corners, basic_altar, minmay_splitting_lines
D:3:      kennysheep_slugbush, layout_basic, gammafunk_ghost_split,
          ebering_ecumenical_altar_sacrificial, minmay_stone_trees_medium,
          minmay_surrounded, uniq_jessica, uniq_ijyb, uniq_robin

Skill      XL: |  1  2 |
---------------+-------+-----
Stealth        | 3 |  3.7
Fighting       | |  0.5
Short Blades   | |  0.4
Dodging        | |  2.5
Spellcasting   | |  2.9
Conjurations   | |  1.9
Fire Magic     | |  3.9

Action                   |  1- 3 |  4- 6 || total
-------------------------+-------+-------++-------
Melee: Unarmed           |     8 |       ||     8
       Tentacles         |     6 |     3 ||     9
       Constrict         |     6 |     5 ||    11
       Dagger            |    23 |    17 ||    40
 Cast: Foxfire           |    50 |    45 ||    95
  Use: Potion            |       |     2 ||     2
       Scroll            |       |     1 ||     1
 Stab: Sleeping          |     6 |       ||     6
Armor: Skin              |     5 |     4 ||     9
Dodge: Dodged            |    23 |    23 ||    46

Table legend: (Time is in decaauts)
 A = Elapsed time spent in this place.
 B = Non-inter-level travel time spent in this place.
 C = Inter-level travel time spent in this place.
 D = Time resting spent in this place.
 E = Time spent auto-exploring this place.
 F = Levels seen in this place.
 G = Mean time per level.
                   A        B        C        D        E       F      G
               +--------+--------+--------+--------+--------+-----+--------+
         Total |   2909 |   2859 |     50 |    385 |   1914 |   3 |  969.7 |
       Dungeon |   2909 |   2859 |     50 |    385 |   1914 |   3 |  969.7 |
               +--------+--------+--------+--------+--------+-----+--------+

Top non-repeatable levels by time:
     D:2: 1492 daAuts
     D:1: 1087 daAuts
     D:3: 329 daAuts
